 Dungeon Crawl Stone Soup version 0.25.0-1-g7eea58d2a3 (webtiles) character file.

Game seed: 8173510070810693695

161030 tilp the Executioner (level 17, -1/156 HPs)
             Began as a Minotaur Berserker on June 12, 2020.
             Was the Champion of Trog.
             Blown up by an orb spider (36 damage)
             ... with an orb of destruction
             ... on level 2 of the Spider Nest on June 13, 2020.
             The game lasted 00:59:08 (31606 turns).

tilp the Executioner (Minotaur Berserker)          Turns: 31606, Time: 00:59:09

Health: -1/156     AC: 25    Str: 28    XL:     17   Next: 19%
Magic:  22/22      EV: 17    Int:  4    God:    Trog [******]
Gold:   552        SH:  5    Dex: 11    Spells: 16/16 levels left

rFire    . . .     SeeInvis .   a - +8 executioner's axe (flame)
rCold    . . .     Gourm    .   (shield currently unavailable)
rNeg     . . .     Faith    .   u - +0 plate armour
rPois    +         Spirit   .   M - +2 hat {MR+}
rElec    .         Reflect  +   r - +1 cloak
rCorr    .         Harm     .   T - +2 pair of gloves
MR       ++...                  L - +2 pair of boots
Stlth    ..........             K - amulet of reflection
HPRegen  0.36/turn              J - ring of poison resistance
MPRegen  0.18/turn              W - +4 ring of evasion

@: lethally poisoned (-1 -> -15), studying Throwing
A: retaliatory headbutt, horns 2
a: Berserk, Trog's Hand, Brothers in Arms, Renounce Religion


You were on level 2 of the Spider Nest.
You worshipped Trog.
Trog was exalted by your worship.
You were not hungry.

You visited 4 branches of the dungeon, and saw 25 of its levels.
You also visited: Gauntlet and Ice Cave.

You collected 3506 gold pieces.
You spent 2954 gold pieces at shops.

Inventory:

Hand Weapons
 a - a +8 executioner's axe of flaming (weapon)
 b - a +9 antimagic executioner's axe
Missiles
 m - 3 throwing nets
 t - 47 boomerangs (quivered)
 y - 27 javelins
 V - 9 curare-tipped darts
Armour
 r - a +1 cloak (worn)
 u - a +0 plate armour (worn)
 C - a +0 pair of boots of flying
 L - a +2 pair of boots (worn)
 M - a +2 hat of magic resistance (worn)
 O - a scarf of invisibility
 T - a +2 pair of gloves (worn)
Jewellery
 f - an uncursed ring of protection from fire
 q - an uncursed ring of see invisible
 w - the ring "Voeboest" {rC+ MP+9 Int+2}
   (You took it off a minotaur in a Gauntlet)

   [ring of protection from cold]

   It affects your intelligence (+2).
   It protects you from cold.
   It affects your magic capacity (+9).
 J - a ring of poison resistance (left hand)
 K - an amulet of reflection (around neck)
 Q - the ring of the Crushed Artisans {rElec rCorr Dex+5}
   (You bought it in a shop on level 13 of the Dungeon)

   [ring of resist corrosion]

   It affects your dexterity (+5).
   It insulates you from electricity.
   It provides partial protection from all sources of acid and corrosion.
 W - a +4 ring of evasion (right hand)
 Y - an uncursed ring of positive energy
Wands
 B - a wand of digging (4)
 E - a wand of iceblast (25)
 P - a wand of acid (22)
 U - a wand of flame (30)
 X - a wand of paralysis (19)
Scrolls
 h - 13 scrolls of remove curse
 i - 3 scrolls of magic mapping
 j - 2 scrolls of silence
 l - a scroll of summoning
 n - 4 scrolls of blinking
 s - 15 scrolls of teleportation
 x - 3 scrolls of fear
 D - 3 scrolls of fog
 H - a scroll of holy word
 Z - 8 scrolls of identify
Potions
 d - 5 potions of might
 e - a potion of haste
 g - a potion of heal wounds
 k - 3 potions of mutation
 o - 14 potions of curing
 p - 2 potions of invisibility
 v - 3 potions of flight
 z - a potion of resistance
 I - a potion of berserk rage
 S - 2 potions of cancellation
Books
 A - a manual of Throwing
Miscellaneous
 G - a phial of floods
 N - a lightning rod (4/4)
 R - a box of beasts
Comestibles
 c - 48 rations


   Skills:
 - Level 15.0 Fighting
 + Level 24.8 Axes
 - Level 6.0 Throwing
 - Level 10.0 Armour
 - Level 12.0 Dodging
   Level 4.0 Shields
 - Level 8.0 Evocations


You had 16 spell levels left.
You didn't know any spells.
Your spell library was empty.

Dungeon Overview and Level Annotations

Branches:
Dungeon (15/15)            Temple (0/1) D:5            Lair (6/6) D:9
 Shoals (0/4) Lair:4       Spider (2/4) Lair:2        Slime (0/5) Lair:6
    Orc (2/2) D:12            Elf (0/3) Orc:2        Vaults (0/5) D:14
 Depths (0/5) D:15          IceCv (visited)         Gauntlet (visited)

Altars:
Ashenzari
Dithmenos
Trog
Yredelemnul
The Shining One
Beogh
Jiyva

Shops:
D:6 ?   D:12 (   D:13 =   D:14 =   D:15 %   Orc:2 =((

Portals:
Trove: D:12 (give +3 fire dragon scales)


Innate Abilities, Weirdness & Mutations

You reflexively headbutt those who attack you in melee.
You have a pair of horns on your head.


Message History

The orb spider pulsates with a strange energy.
The wolf spider hits you!
The wolf spider bites you but does no damage.
The wolf spider hits you!
* * * LOW HITPOINT WARNING * * *
The wolf spider bites you.
* * * LOW HITPOINT WARNING * * *
You are poisoned.
The wolf spider poisons you!
The orb spider weaves a glowing orb of energy.
The wolf spider barely misses you. x2
An orb of destruction comes into view.
You feel very sick.
There is a stone staircase leading up here.
Unknown command.
You feel sick. The wolf spider closely misses you.
The wolf spider bites you but does no damage.
The orb spider pulsates with a strange energy.
The orb of destruction hits you!!!
You die...

............#
..........^#.#
.............
.............
.............##
......#..).....#
................#
...........s○○○○@$..#
........^......s..^##
...................#
..............s....###
....^................##
......................#
.........)........#...#
.......^†........##...#
..$^..=†.†.†...^........


You could see a wolf spider and 2 orb spiders.

Vanquished Creatures
  Gastronok (D:11)
  A frost giant (IceCv)
  An ironheart preserver (D:14)
  2 entropy weavers
  A minotaur (Gauntlet)
  A spark wasp (Spider:2)
  The ghost of Dumidips the Black Belt, a journeyman OpMo of Makhleb (Lair:2)
  A yaktaur captain (D:15)
  The ghost of Pamiuf the Slicer, a journeyman KoSu of Ru (Lair:2)
  10 hydras
  16 two-headed ogres
  5 ogre magi
  Erica (Lair:2)
  The ghost of Cato the Destroyer, a journeyman DECj of Sif Muna (Lair:2)
  5 tengu warriors
  16 death yaks
  A queen ant (D:9)
  5 centaur warriors
  An orc high priest (Orc:2)
  A soul eater (Gauntlet)
  6 skeletal warriors
  5 unseen horrors
  5 orc knights
  5 orb spiders
  Pikel (D:6)
  A phantasmal warrior (D:13)
  A harpy (D:13)
  7 manticores
  2 orc sorcerers
  17 wolf spiders
  5 deep elf magi
  5 elephants (Lair:4)
  7 ugly things
  6 centaur zombies
  2 cyclopes (D:14)
  6 black mambas
  The ghost of Matius the Chopper, a novice GnCK of Xom (D:5)
  A smoke demon (Gauntlet)
  An ice statue (IceCv)
  3 gargoyles
  A torpor snail (Lair:4)
  11 spiny frogs
  2 kobold demonologists
  A spiny frog (shapeshifter) (D:14)
  A freezing wraith (D:15)
  4 komodo dragons
  3 centaur skeletons
  A minotaur zombie (Gauntlet)
  An efreet (D:15)
  4 rime drakes
  A yaktaur (D:15)
  9 demonic crawlers
  22 jumping spiders
  A red devil (Gauntlet)
  3 tengu conjurers (D:15)
  5 trolls
  A queen bee (Lair:4)
  21 polar bears
  Grinder (D:5)
  7 meliai
  6 hornets
  A slime creature (D:13)
  A blink frog (shapeshifter) (D:15)
  A snapping turtle (Lair:4)
  6 blink frogs
  2 meliai zombies
  10 hippogriffs
  2 dream sheep (Lair:6)
  A spriggan (shapeshifter) (D:15)
  14 tarantellas
  7 wyverns
  73 yaks
  34 redbacks
  13 spriggans
  4 shadows
  A wraith (D:14)
  A yak (shapeshifter) (D:13)
  3 basilisks
  A hungry ghost (D:14)
  24 wargs
  Menkaure (D:4)
  6 soldier ants (D:9)
  Edmund (D:5)
  An acid dragon (D:15)
  8 water moccasins
  5 porcupines
  Duvessa (D:7)
  28 orc warriors
  4 sky beasts
  4 ice beasts
  8 black bears
  7 boggarts
  A necrophage (D:9)
  2 eyes of draining
  27 ogres
  3 phantoms
  39 wolves
  19 centaurs
  11 crocodiles
  5 big kobolds
  15 bullfrogs
  Blork the orc (D:6)
  2 scorpions
  43 killer bees
  Dowan (D:7)
  11 howler monkeys
  15 wights
  2 electric eels (Lair:1)
  7 crimson imps
  3 bullfrog zombies
  12 hounds
  A quasit (D:12)
  8 jellies
  16 orc priests
  4 bullfrog skeletons
  27 orc wizards
  3 iguanas
  33 worker ants
  A hell rat (Lair:4)
  3 hound zombies
  A worker ant zombie (D:7)
  2 hound skeletons
  18 gnolls
  12 adders
  2 shadow imps (Gauntlet)
  12 white imps (Orc:2)
  2 oozes
  An adder zombie (D:5)
  6 worms
  2 dart slugs
  3 leopard geckos
  115 orcs
  10 giant cockroaches
  10 hobgoblins
  3 jackals (D:5)
  19 kobolds
  6 quokkas
  10 bats
  11 frilled lizards
  9 goblins
  A jackal zombie (D:5)
  2 quokka zombies
  4 rats
  2 fungi
  3 plants
1119 creatures vanquished.

Vanquished Creatures (collateral kills)
  2 two-headed ogres (Orc:2)
  3 death yaks (Lair:6)
  A komodo dragon (Lair:1)
  A dream sheep (Lair:6)
  A hippogriff (Lair:1)
  A basilisk (Lair:1)
  4 ogres (Orc:2)
13 creatures vanquished.

Vanquished Creatures (others)
  A jumping spider (Spider:2)
  A slave (D:6)
  An orc (D:6)
  2 kobolds
  A ball python (D:6)
  A quokka skeleton (D:6)
  4 demonic plants (Gauntlet)
  3 fungi (Lair:3)
  4 plants (Lair:3)
  6 withered plants (Gauntlet)
24 creatures vanquished.

Grand Total: 1156 creatures vanquished

Notes
Turn   | Place    | Note
-------+----------+-------------------------------------------
     0 | D:1      | tilp the Minotaur Berserker began the quest for the Orb.
     0 | D:1      | Reached XP level 1. HP: 19/19 MP: 0/0
   283 | D:1      | Reached skill level 4 in Axes
   374 | D:1      | Reached XP level 2. HP: 23/27 MP: 1/1
   502 | D:1      | Found a shattered altar of Ashenzari.
  1086 | D:2      | Reached XP level 3. HP: 34/34 MP: 2/2
  1377 | D:2      | Reached skill level 5 in Fighting
  1498 | D:2      | Reached XP level 4. HP: 39/42 MP: 3/3
  1666 | D:2      | You fall into a shaft and drop 1 floor!
  1676 | D:3      | Reached ** piety under Trog
  1678 | D:3      | Reached skill level 1 in Shields
  1678 | D:3      | Reached XP level 5. HP: 51/51 MP: 4/4
  2365 | D:3      | You fall into a shaft and drop 3 floors!
  2368 | D:6      | Noticed a slave
  2369 | D:6      | Noticed Pikel
  2377 | D:6      | Noticed a slave
  2378 | D:6      | Noticed a slave
  2378 | D:6      | Killed Pikel
  2378 | D:6      | Reached XP level 6. HP: 64/64 MP: 5/5
  2378 | D:6      | Reached XP level 7. HP: 70/70 MP: 6/6
  2476 | D:6      | Found a bloodstained altar of Trog.
  2490 | D:6      | Reached skill level 5 in Axes
  2502 | D:6      | Reached *** piety under Trog
  2526 | D:6      | Reached skill level 6 in Axes
  2759 | D:6      | Reached XP level 8. HP: 78/78 MP: 7/7
  2817 | D:6      | Reached skill level 7 in Axes
  3025 | D:6      | Got an encrusted halberd
  3032 | D:6      | Reached skill level 8 in Axes
  3044 | D:5      | Entered Level 5 of the Dungeon
  3089 | D:5      | Identified the +8 halberd "Isucenku" {vorpal, rN+} (You
                  | found it on level 6 of the Dungeon)
  3094 | D:5      | Found a transporter.
  3095 | D:5      | Noticed Matius's ghost (novice GnCK)
  3101 | D:5      | Found a transporter.
  3180 | D:5      | Reached skill level 9 in Axes
  3311 | D:5      | Noticed Edmund
  3321 | D:5      | Killed Edmund
  3356 | D:4      | Reached skill level 10 in Axes
  4178 | D:4      | Reached **** piety under Trog
  4531 | D:4      | Noticed Menkaure
  4535 | D:4      | Killed Menkaure
  4535 | D:4      | Reached XP level 9. HP: 84/84 MP: 8/8
  4681 | D:5      | Reached skill level 11 in Axes
  4879 | D:5      | Found a staircase to the Ecumenical Temple.
  4891 | D:5      | Noticed Grinder
  4901 | D:5      | Killed Grinder
  5247 | D:6      | Found Busih's Magic Scroll Boutique.
  5247 | D:6      | Noticed Blork the orc
  5257 | D:6      | Killed Blork the orc
  5274 | D:6      | Bought a scroll of random uselessness for 11 gold pieces
  5274 | D:6      | Bought a scroll of enchant weapon for 82 gold pieces
  5274 | D:6      | Bought a scroll of enchant weapon for 82 gold pieces
  5274 | D:6      | Bought a scroll of identify for 22 gold pieces
  5274 | D:6      | Bought a scroll of fog for 22 gold pieces
  5274 | D:6      | Bought a scroll of identify for 22 gold pieces
  5274 | D:6      | Bought a scroll of identify for 22 gold pieces
  5274 | D:6      | Bought a scroll of identify for 22 gold pieces
  5505 | D:7      | Reached skill level 12 in Axes
  5699 | D:7      | Reached skill level 13 in Axes
  5984 | D:7      | Noticed Duvessa
  6011 | D:7      | Noticed Dowan
  6020 | D:7      | Killed Dowan
  6074 | D:7      | Killed Duvessa
  6074 | D:7      | Reached skill level 14 in Axes
  6074 | D:7      | Reached XP level 10. HP: 91/91 MP: 9/9
  6599 | D:8      | Noticed a two-headed ogre
  6610 | D:8      | Killed a two-headed ogre
  6610 | D:8      | Reached skill level 15 in Axes
  7048 | D:9      | Reached ***** piety under Trog
  7336 | D:9      | Found a staircase to the Lair.
  7359 | D:9      | Reached skill level 16 in Axes
  7476 | D:9      | Noticed a queen ant
  7478 | D:9      | Reached skill level 1 in Evocations
  7479 | D:9      | Reached skill level 10 in Fighting
  7496 | D:9      | Killed a queen ant
  7496 | D:9      | Reached XP level 11. HP: 99/99 MP: 10/13
  7500 | D:9      | Reached skill level 1 in Throwing
  7925 | D:10     | Entered Level 10 of the Dungeon
  8025 | D:10     | Noticed an ogre mage
  8030 | D:10     | Killed an ogre mage
  8142 | D:10     | Upgraded the game from 0.25.0 to 0.25.0-1-g7eea58d2a3
  9006 | D:11     | Reached skill level 5 in Armour
  9076 | D:11     | Found a basalt altar of Yredelemnul.
  9409 | D:11     | Noticed Gastronok
  9420 | D:11     | Killed Gastronok
  9420 | D:11     | Reached skill level 5 in Dodging
  9682 | D:11     | Killed an unseen horror
  9682 | D:11     | Reached skill level 5 in Throwing
 10496 | D:5      | Killed Matius's ghost
 10584 | Lair:1   | Entered Level 1 of the Lair of Beasts
 10785 | Lair:1   | Reached XP level 12. HP: 106/106 MP: 14/14
 10832 | Lair:1   | Reached skill level 5 in Evocations
 11224 | Lair:1   | Received a gift from Trog
 12371 | Lair:2   | Found a hole to the Spider Nest.
 12433 | Lair:2   | Noticed Erica
 12441 | Lair:2   | Killed Erica
 12441 | Lair:2   | Reached skill level 17 in Axes
 12446 | Lair:2   | Noticed a six-headed hydra
 12451 | Lair:2   | Killed a five-headed hydra
 12579 | Lair:2   | Found a runed translucent gate.
 12580 | Lair:2   | Found a runed translucent gate.
 12580 | Lair:2   | Found a runed translucent gate.
 12584 | Lair:2   | Noticed Pamiuf's ghost (journeyman KoSu)
 12584 | Lair:2   | Noticed Cato's ghost (journeyman DECj)
 12584 | Lair:2   | Noticed Dumidips's ghost (journeyman OpMo)
 14006 | Lair:3   | Reached skill level 18 in Axes
 14351 | Lair:3   | Noticed a seven-headed hydra
 14358 | Lair:3   | Killed a six-headed hydra
 14530 | Lair:4   | Reached XP level 13. HP: 113/113 MP: 18/18
 14536 | Lair:4   | Found a shadowy altar of Dithmenos.
 14566 | Lair:4   | Received a gift from Trog
 14594 | Lair:4   | Got a twisted battleaxe {god gift}
 14596 | Lair:4   | Identified the +7 battleaxe of Serendipity {vorpal, rF++
                  | Int+3} (Trog gifted it to you on level 4 of the Lair of
                  | Beasts)
 15118 | Lair:4   | Reached skill level 19 in Axes
 15685 | Lair:4   | Reached skill level 20 in Axes
 16120 | Lair:4   | Found a staircase to the Shoals.
 16303 | Lair:4   | Received a gift from Trog
 17864 | Lair:6   | Entered Level 6 of the Lair of Beasts
 18038 | Lair:6   | Reached XP level 14. HP: 122/124 MP: 19/19
 18553 | Lair:6   | Found a staircase to the Slime Pits.
 18558 | Lair:6   | Found a viscous altar of Jiyva.
 18813 | Lair:6   | Received a gift from Trog
 20057 | D:12     | Found Rose's Antique Weapon Shop.
 20096 | D:12     | Found a portal to a secret trove of treasure.
 20420 | D:12     | Received a gift from Trog
 20454 | D:12     | Reached skill level 10 in Armour
 20496 | D:12     | Found a staircase to the Orcish Mines.
 20818 | Orc:1    | Entered Level 1 of the Orcish Mines
 21414 | Orc:2    | Entered Level 2 of the Orcish Mines
 21434 | Orc:2    | Found a frozen archway.
 21463 | Orc:2    | Reached skill level 10 in Dodging
 21484 | IceCv    | Entered an ice cave
 21581 | IceCv    | Reached ****** piety under Trog
 21585 | IceCv    | Received a gift from Trog
 22131 | IceCv    | Noticed a frost giant
 22138 | IceCv    | Killed a frost giant
 22138 | IceCv    | Reached XP level 15. HP: 84/136 MP: 20/20
 22346 | IceCv    | Identified the Reference Book on Cold and Weightlessness
 22351 | IceCv    | Got a sparkling crystal amulet
 22799 | Orc:2    | Identified the amulet "Deffiu Yfah" {Inacc MR+ Int+3} (You
                  | found it in an ice cave)
 23085 | Orc:2    | Found a staircase to the Elven Halls.
 23606 | Orc:2    | Reached skill level 15 in Fighting
 23748 | Orc:2    | Found Geuril's Magic Scroll Shoppe.
 23748 | Orc:2    | Found Urups's Antique Weapon Boutique.
 23749 | Orc:2    | Found Ceochom's Jewellery Shop.
 23749 | Orc:2    | Found Vulaas's Antique Weapon Shoppe.
 23792 | Orc:2    | Bought a +4 ring of evasion for 468 gold pieces
 23795 | Orc:2    | Bought a scroll of magic mapping for 38 gold pieces
 23795 | Orc:2    | Bought a scroll of identify for 22 gold pieces
 23795 | Orc:2    | Bought a scroll of blinking for 82 gold pieces
 23795 | Orc:2    | Bought a scroll of identify for 22 gold pieces
 23795 | Orc:2    | Bought a scroll of blinking for 82 gold pieces
 23795 | Orc:2    | Bought a scroll of silence for 82 gold pieces
 23795 | Orc:2    | Bought a scroll of identify for 22 gold pieces
 23795 | Orc:2    | Bought a scroll of magic mapping for 38 gold pieces
 23795 | Orc:2    | Bought a scroll of vulnerability for 82 gold pieces
 23795 | Orc:2    | Bought a scroll of remove curse for 33 gold pieces
 23795 | Orc:2    | Bought a scroll of enchant weapon for 82 gold pieces
 23795 | Orc:2    | Bought a scroll of teleportation for 33 gold pieces
 23797 | Orc:2    | Bought an uncursed ring of positive energy for 260 gold
                  | pieces
 23881 | D:13     | Received a gift from Trog
 23945 | D:13     | Found Roplo's Jewellery Emporium.
 23948 | D:13     | Bought the ring of the Crushed Artisans {rElec rCorr Dex+5}
                  | for 712 gold pieces
 23948 | D:13     | Bought an uncursed ring of poison resistance for 320 gold
                  | pieces
 24423 | D:13     | Found a runed translucent door.
 24423 | D:13     | Found a runed translucent door.
 24655 | D:14     | Found a glowing golden altar of the Shining One.
 24847 | D:14     | Reached skill level 21 in Axes
 25136 | D:14     | Received a gift from Trog
 25729 | D:14     | Found a gate to the Vaults.
 26149 | D:14     | Reached XP level 16. HP: 149/149 MP: 21/21
 26164 | D:14     | Found Julluni's Jewellery Shop.
 26170 | D:14     | Bought an uncursed ring of see invisible for 225 gold
                  | pieces
 26393 | D:15     | Entered Level 15 of the Dungeon
 26442 | D:15     | Found Dixzi's Food Emporium.
 26459 | D:15     | Received a gift from Trog
 26756 | D:15     | Found a gate leading to a gauntlet.
 26773 | Gauntlet | Entered a Gauntlet
 26773 | Gauntlet | Found a transporter.
 26783 | Gauntlet | Found a transporter.
 26798 | Gauntlet | Found a transporter.
 26803 | Gauntlet | Found a transporter.
 26818 | Gauntlet | Found a transporter.
 26837 | Gauntlet | Found a transporter.
 26849 | Gauntlet | Found a transporter.
 26855 | Gauntlet | Found a transporter.
 26870 | Gauntlet | Found a transporter.
 26882 | Gauntlet | Found a transporter.
 26888 | Gauntlet | Found a transporter.
 26888 | Gauntlet | Found a transporter.
 26903 | Gauntlet | Found a transporter.
 26920 | Gauntlet | Found a transporter.
 26959 | Gauntlet | Found a transporter.
 26987 | Gauntlet | Found a transporter.
 26987 | Gauntlet | Found a transporter.
 27007 | Gauntlet | Found a transporter.
 27145 | Gauntlet | Noticed a storm dragon
 27145 | Gauntlet | a four-headed hydra changed into a storm dragon
 27147 | Gauntlet | a storm dragon changed into something unseen
 27255 | Gauntlet | Reached skill level 22 in Axes
 27305 | Gauntlet | L
 27412 | Gauntlet | Got a distressingly furry cloak
 27413 | Gauntlet | Identified the cursed +0 cloak of Boredom {rElec rCorr
                  | Dex+4} (You found it in a Gauntlet)
 27423 | Gauntlet | Identified the ring "Voeboest" {rC+ MP+9 Int+2}
 28325 | D:15     | Found a staircase to the Depths.
 28534 | D:13     | Found a runed translucent door.
 28557 | D:13     | Received a gift from Trog
 28561 | D:13     | Reached skill level 23 in Axes
 28631 | D:13     | Found a runed translucent door.
 29393 | D:6      | Bought a scroll of teleportation for 33 gold pieces
 29393 | D:6      | Bought a scroll of remove curse for 33 gold pieces
 29566 | Lair:2   | Killed Dumidips's ghost
 29569 | Lair:2   | Killed Cato's ghost
 29578 | Lair:2   | Killed Pamiuf's ghost
 29792 | Spider:1 | Entered Level 1 of the Spider Nest
 29914 | Spider:1 | Found a roughly hewn altar of Beogh.
 30515 | Spider:1 | Reached skill level 24 in Axes
 30972 | Spider:1 | Received a gift from Trog
 31123 | Spider:1 | Reached XP level 17. HP: 153/156 MP: 22/22
 31606 | Spider:2 | Blown up by an orb spider

Illustrated notes

#..#.#....©....#.#..#.©.#..#.##P.
.#.#.#.#.....#.#.#.#.#.#.#.#.#.#P
.#.#.#.##...##.#.#..#.#.#..#.#..#
#..#.#..##.##..#.#.#.#.#.#.#.#...
...#.#........S#.#s........#.#...
#################################
..........©#≈≈≈§8≈≈≈≈#©..........
#### #################### ####
§§8≈≈#©.........@.........©#§§8§§
#################################
P.#.####.#.#....§....#.#........3
^...P#.#.#.#.........#.#.#.. ..#.
!##5#.#.##.#.#######.#.#..# ##..
.P#.#.^..#.#.#.#.#.#.#.#..##.##.5
©.##^#.###.#)...©....#.#..#.©.#.©
)###©.#.##.##.#.#.#.##.#..##.##.5
#.....##4#.#.#######.#.#..##.##.5


Turn 27305 on Gauntlet: L

Levels and vault maps discovered:
D:1:      psy_arrival_wood_between_worlds, layout_basic, evilmike_ruin_ashenzari
D:2:      layout_basic
D:3:      layout_basic
D:4:      layout_loops_ring, first_ration, minmay_misc_feat_pillars,
          uniq_menkaure
D:5:      layout_basic, minmay_temple_entry_gardened_gates,
          gammafunk_ghost_smash, st_stairs_7, uniq_grinder, uniq_edmund
D:6:      layout_cave_pools, bloody_trog, serial_shops, nicolae_shop_stone,
          uniq_blork_the_orc, uniq_pikel
D:7:      layout_rooms, the_bakery, minmay_misc_feat_encased, st_stairs_14,
          uniq_duvessa
D:8:      layout_cave_pools
D:9:      layout_big_octagon, erik_lair_orcish_takeover, zaba_antful_of_joy
D:10:     layout_roguey, lightli_fourway_metalbox
D:11:     layout_gridville, yredelemnul_altar_generic, uniq_gastronok
D:12:     layout_basic, erik_orc_3, enter_trove_1, serial_shops, shop
D:13:     minmay_the_grid_triangle_9x9_recursive_3
          [minmay_the_grid_triangle_9x9_longest,
          minmay_the_grid_triangle_9x9_empty,
          minmay_the_grid_triangle_9x9_stretched_checkered,
          minmay_the_grid_triangle_9x9_prize_top_heavy,
          minmay_the_grid_triangle_9x9_corrupted_corridor,
          minmay_the_grid_triangle_9x9_subtriangle,
          minmay_the_grid_triangle_9x9_dagger,
          minmay_the_grid_triangle_9x9_pentomino_pain,
          minmay_the_grid_triangle_9x9_fully_insulated_deathbox],
          layout_irregular_city, serial_shops, kennysheep_mini_moat
D:14:     lemuel_castle_with_subvaults [lemuel_castle_interior_carwin_1],
          layout_irregular_city, skrybe_vaults_entry_preservation, basic_altar,
          serial_shops, shop, minmay_unpleasant_kobolds
D:15:     grunt_enter_depths_snipers, layout_basic, minivault_27,
          gauntlet_entry_generic, serial_shops, nicolae_shop_stone
Lair:1:   layout_chaotic_city, serial_bayou_shore_a, grunt_megastairs_4
Lair:2:   layout_chaotic_city, nicolae_spider_entry_non_spiders,
          gammafunk_ghost_cemetery, grunt_megastairs_2, uniq_erica
Lair:3:   layout_layer_cave, lemuel_fruit_fields, serial_bayou_shore_b,
          grunt_megastairs_1
Lair:4:   regret_index_bee_streams, layout_regular_city,
          minmay_shoals_entry_hut, basic_altar, beast_lair_carwin_9
Lair:5:   layout_layer_cave
Lair:6:   minmay_lair_end_enchanted_forest, layout_regular_city, slime_altar_1,
          grunt_megastairs_3
Spider:1: nicolae_spider_mines_2
Spider:2: layout_spider_delve, drop_trap
Orc:1:    layout_caves
Orc:2:    st_orc_ogre_mass, layout_diamond_mine, portal_ice_cave_entry_imps

Skill      XL: |  1  2  3  4  5  6  7  8  9 10 11 12 13 14 15 16 |
---------------+-------------------------------------------------+-----
Axes           | 4 6 10 14 16 18 20 21 24 | 24.8
Fighting       | 4 5 6 9 10 11 13 15 | 15.0
Shields        | 1 3 4 |  4.0
Evocations     | 4 8 |  8.0
Armour         | 6 7 10 | 10.0
Throwing       | 6 |  6.0
Dodging        | 6 7 10 12 | 12.0

Action                   |  1- 3 |  4- 6 |  7- 9 | 10-12 | 13-15 | 16-18 || total
-------------------------+-------+-------+-------+-------+-------+-------++-------
Melee: Hand axe          |    79 |    68 |   136 |       |       |       ||   283
       Headbutt          |    11 |    12 |    62 |   149 |   202 |   118 ||   554
       War axe           |       |       |   158 |   678 |    44 |       ||   880
       Scimitar          |       |       |       |     4 |     8 |       ||    12
       Battleaxe         |       |       |       |       |   975 |   474 ||  1449
       Broad axe         |       |       |       |       |    21 |       ||    21
       Executioner's axe |       |       |       |       |       |    75 ||    75
Throw: Dart              |       |     3 |     6 |     2 |       |       ||    11
       Boomerang         |       |       |       |       |     2 |       ||     2
Invok: Berserk           |       |     3 |    10 |    10 |     5 |     1 ||    29
       Trog's Hand       |       |       |     3 |     5 |     7 |       ||    15
       Brothers in Arms  |       |       |       |     2 |     4 |       ||     6
Evoke: Wand              |       |       |       |     5 |     3 |       ||     8
       Lightning rod     |       |       |       |       |     4 |       ||     4
  Use: Scroll            |     3 |     3 |     9 |    12 |    18 |     8 ||    53
       Potion            |       |       |       |     1 |       |       ||     1
  Eat: Chunk             |     2 |     5 |    22 |    26 |    38 |    11 ||   104
       Ration            |       |       |       |     4 |     3 |     2 ||     9
Armor: Animal skin       |     4 |       |       |       |       |       ||     4
       Scale mail        |    33 |    18 |    13 |       |       |       ||    64
       Plate armour      |       |       |   140 |   291 |   512 |   297 ||  1240
Dodge: Dodged            |    45 |    36 |   101 |   215 |   520 |   393 ||  1310
Block: Buckler           |     7 |    13 |    51 |   132 |    15 |       ||   218
       Other             |       |       |       |       |   206 |   122 ||   328
       Reflection        |       |       |       |       |    14 |     2 ||    16
       Rpst.: Scimitar   |       |       |       |       |     2 |       ||     2
